 Dungeon Crawl Stone Soup version 0.23.0 (webtiles) character file.

Game seed: 15200412722991057649

4107 Mgcat the Frost Mage (level 10, 0/56 HPs)
             Began as an Octopode Ice Elementalist on Feb 11, 2019.
             Was a Follower of Vehumet.
             Slain by a crocodile (12 damage)
             ... on level 8 of the Dungeon.
             The game lasted 00:19:51 (10759 turns).

Mgcat the Frost Mage (Octopode Ice Elementalist)   Turns: 10759, Time: 00:19:51

Health: 0/56       AC:  4    Str:  8    XL:     10   Next: 26%
Magic:  12/21      EV: 13    Int: 21    God:    Vehumet [*.....]
Gold:   279        SH:  5    Dex: 12    Spells: 9/23 levels left

rFire    . . .     SeeInvis .   u - +2 dagger (drain)
rCold    . . .     Gourm    .   d - +0 buckler
rNeg     . . .     Faith    .   (helmet restricted)
rPois    .         Spirit   .   w - amulet of rage {+Rage, !d}
rElec    .         Reflect  .   i - +3 ring of protection
rCorr    .         Harm     .   t - ring of wizardry {Wiz+, !d}
MR       .....                  (no ring)
Stlth    ++++......             (no ring)
HPRegen  0.18/turn              (no ring)
MPRegen  0.17/turn              (no ring)
                                (no ring)
                                (no ring)

@: lethally poisoned (0 -> -4), about to teleport
A: almost no armour, stealthy swim, amphibious, 8 rings, constrict 8, camouflage
1, gelatinous body 1
a: Renounce Religion, Evoke Berserk Rage


You were on level 8 of the Dungeon.
You worshipped Vehumet.
Vehumet was aware of your devotion.
You were not hungry.

You visited 2 branches of the dungeon, and saw 9 of its levels.

You collected 279 gold pieces.

Inventory:

Hand Weapons
 u - a +2 dagger of draining (weapon)
   (You took it off an orc wizard on level 5 of the Dungeon)
Missiles
 p - a throwing net {=f, !d}
Armour
 d - a +0 buckler (worn)
   (You found it on level 6 of the Dungeon)
Jewellery
 a - an uncursed amulet of harm
   (You found it on level 6 of the Dungeon)
 i - a +3 ring of protection (left tentacle)
   (You found it on level 1 of the Dungeon)
 t - a ring of wizardry (right tentacle) {Wiz+, !d}
   (You found it on level 4 of the Dungeon)
 w - an amulet of rage (around mantle) {+Rage, !d}
   (You found it on level 4 of the Dungeon)
Wands
 s - a wand of flame (18)
   (You found it on level 4 of the Dungeon)
Scrolls
 c - 4 scrolls of remove curse
 e - 4 scrolls of teleportation
 l - 2 scrolls of amnesia
 q - a scroll of fear
 r - 3 scrolls of immolation {!r}
Potions
 f - 2 potions of haste
 g - 5 potions of curing
 h - 4 potions of resistance
 j - a potion of heal wounds
 m - a potion of might
 n - a potion of berserk rage {!q}
 o - a potion of lignification {unknown}
 x - a potion of magic
Comestibles
 b - 15 rations
 k - 7 chunks of flesh {@w0}


   Skills:
 - Level 2.0 Dodging
 - Level 7.0 Stealth
 - Level 4.0 Shields
 + Level 7.3 Spellcasting
 + Level 7.4 Conjurations
 + Level 8.3 Ice Magic


You had 9 spell levels left.
You knew the following spells:

 Your Spells              Type           Power        Failure   Level  Hunger
a - Freeze                Ice            ####         1%          1    None
b - Throw Frost           Conj/Ice       #####.       1%          2    None
c - Ozocubu's Armour      Chrm/Ice       ####....     1%          3    None
d - Throw Icicle          Conj/Ice       #####...     1%          4    ###....
e - Summon Ice Beast      Ice/Summ       ####....     6%          4    ###....

Your spell library contained the following spells:

 Spells                   Type           Power        Failure   Level  Hunger
 Flame Tongue             Conj/Fire      ###..        1%          1    None


Dungeon Overview and Level Annotations

Branches:
Dungeon (8/15)             Temple (1/1) D:6
   Lair: D:8-11

Altars:
Ashenzari
Cheibriados
Fedhas
Gozag
Hepliaklqana
Okawaru
Trog
Uskayaw
Vehumet
Zin
The Shining One

Annotations:
D:2 exclusion: Sigmund, Sigmund
D:3 1 runed translucent door, Crazy Yiuf
D:6 exclusion: downstairs


Innate Abilities, Weirdness & Mutations

You cannot wear most types of armour.
You are very stealthy in the water. (Stealth+)
You are amphibious.
You can wear up to eight rings at the same time.
You can use your tentacles to constrict eight enemies at once.
Your skin changes colour to match your surroundings (Stealth+).
Your rubbery body absorbs attacks. (AC +1, EV +1)


Message History

The big kobold is lightly wounded.
You feel sick. You block the big kobold's attack.
You take 1 damage, and have 35/56 hp.
You now have 18/20 mp.
Casting: Freeze (safe; 1% risk of failure)
Confirm with . or Enter, or press ? or * to list all spells.
Aiming: Freeze (safe; 1% risk of failure)
Press: ? - help, Shift-Dir - straight line, f/p - big kobold
Aim: a big kobold, wielding a +0 whip (lightly wounded, fast)
You freeze the big kobold.
The big kobold is moderately wounded.
You feel sick. You block the big kobold's attack.
The big kobold closely misses you.
You take 1 damage, and have 34/56 hp.
You now have 17/20 mp.
Casting: Freeze (safe; 1% risk of failure)
Confirm with . or Enter, or press ? or * to list all spells.
Aiming: Freeze (safe; 1% risk of failure)
Press: ? - help, Shift-Dir - straight line, f/p - big kobold
Aim: a big kobold, wielding a +0 whip (moderately wounded, fast)
You freeze the big kobold!
The big kobold is severely wounded.
You feel sick.
The big kobold hits you but does no damage.
The kobold barely misses you.
You take 1 damage, and have 33/56 hp.
You now have 16/20 mp.
Casting: Freeze (safe; 1% risk of failure)
Confirm with . or Enter, or press ? or * to list all spells.
Aiming: Freeze (safe; 1% risk of failure)
Press: ? - help, Shift-Dir - straight line, f/p - big kobold
Aim: a big kobold, wielding a +0 whip (severely wounded, fast)
You freeze the big kobold.
The big kobold is severely wounded.
You feel sick. The big kobold hits you with a +0 whip.
The kobold hits you but does no damage. The big kobold misses you.
You take 6 damage, and have 27/56 hp.
You now have 15/20 mp.
Casting: Freeze (safe; 1% risk of failure)
Confirm with . or Enter, or press ? or * to list all spells.
Aiming: Freeze (safe; 1% risk of failure)
Press: ? - help, Shift-Dir - straight line, f/p - big kobold
Aim: a big kobold, wielding a +0 whip (severely wounded, fast)
You freeze the big kobold.
The big kobold is severely wounded.
You feel sick. You block the big kobold's attack.
You block the kobold's attack.
You take 1 damage, and have 26/56 hp.
Casting: Freeze (safe; 1% risk of failure)
Confirm with . or Enter, or press ? or * to list all spells.
Aiming: Freeze (safe; 1% risk of failure)
Press: ? - help, Shift-Dir - straight line, f/p - big kobold
Aim: a big kobold, wielding a +0 whip (severely wounded, fast)
You freeze the big kobold.
The big kobold is almost dead.
You feel sick. The big kobold closely misses you.
A crocodile comes into view.
The kobold hits you with a +0 short sword.
The big kobold hits you with a +0 whip.
You take 8 damage, and have 18/56 hp.
You now have 14/20 mp.
Casting: Freeze (safe; 1% risk of failure)
Confirm with . or Enter, or press ? or * to list all spells.
Aiming: Freeze (safe; 1% risk of failure)
Press: ? - help, Shift-Dir - straight line, f/p - big kobold
Aim: a big kobold, wielding a +0 whip (almost dead, fast)
You freeze the big kobold.
The big kobold is almost dead.
You feel sick. You block the big kobold's attack. The kobold barely misses you.
You now have 13/20 mp.
Casting: Freeze (safe; 1% risk of failure)
Confirm with . or Enter, or press ? or * to list all spells.
Aiming: Freeze (safe; 1% risk of failure)
Press: ? - help, Shift-Dir - straight line, f/p - big kobold
Aim: a big kobold, wielding a +0 whip (almost dead, fast)
You freeze the big kobold.
You kill the big kobold!
Vehumet accepts your kill.
You feel sick. The kobold misses you.
You take 1 damage, and have 17/56 hp.
You now have 12/21 mp.
Casting: Freeze (safe; 1% risk of failure)
Confirm with . or Enter, or press ? or * to list all spells.
Aiming: Freeze (safe; 1% risk of failure)
Press: ? - help, Shift-Dir - straight line, f - kobold
Aim: a kobold, wielding a +0 short sword and wearing a +0 scale mail You freeze the kobold.
The kobold is severely wounded.
You feel sick.
The kobold hits you with a +0 short sword.
* * * LOW HITPOINT WARNING * * *
You take 4 damage, and have 13/56 hp.
You now have 11/21 mp.
Casting: Freeze (safe; 1% risk of failure)
Confirm with . or Enter, or press ? or * to list all spells.
Aiming: Freeze (safe; 1% risk of failure)
Press: ? - help, Shift-Dir - straight line, f/p - kobold
Aim: a kobold, wielding a +0 short sword and wearing a +0 scale mail (severely wounded)
You freeze the kobold!
You kill the kobold!
Vehumet accepts your kill.
You feel your power returning.
Unknown command.
Unknown command.
As you read the scroll of teleportation, it crumbles to dust.
You feel strangely unstable.
You feel sick. The crocodile bites you!
You die...

##.## # #.# ..
#.# .# ##'## .#
####...##.###.#
................
###........#####
#.......).####.
+......@t......
#.........####.
##.......##
##.....##
##...## ##'# #.
#.


You could see a crocodile.

Vanquished Creatures
  Pikel (D:4)
  A hippogriff (D:7)
  Menkaure (D:5)
  A water moccasin (D:7)
  A porcupine (D:8)
  3 black bears
  2 orc warriors
  A phantom (D:6)
  3 sky beasts
  4 ogres
  A centaur (D:6)
  2 big kobolds
  3 bullfrogs
  A gnoll sergeant (D:8)
  3 scorpions
  A howler monkey (D:5)
  5 crimson imps
  A centaur zombie (D:8)
  5 hounds
  2 jellies
  2 centaur skeletons
  4 orc priests
  2 bullfrog skeletons
  6 orc wizards
  4 worker ants
  A hound skeleton (D:7)
  Robin (D:1)
  2 worker ant zombies
  12 gnolls
  13 adders
  4 shadow imps
  2 oozes (D:1)
  An adder zombie (D:7)
  2 worms
  2 dart slugs (D:1)
  5 leopard geckos
  27 orcs
  A ball python (D:3)
  2 giant cockroaches (D:7)
  13 goblins
  3 hobgoblins
  5 jackals
  6 quokkas
  8 bats
  7 frilled lizards
  A jackal skeleton (D:6)
  7 kobolds
  3 rats
  A fungus (D:3)
189 creatures vanquished.

Vanquished Creatures (collateral kills)
  A bullfrog skeleton (D:8)
  An orc (D:8)
2 creatures vanquished.

Vanquished Creatures (others)
  A slave (D:4)
  2 gnolls (D:4)
  A dart slug (D:4)
  An orc (D:4)
  5 fungi (D:8)
10 creatures vanquished.

Grand Total: 201 creatures vanquished

Notes
Turn   | Place    | Note
-------+----------+-------------------------------------------
     0 | D:1      | Mgcat the Octopode Ice Elementalist began the quest for the
                  | Orb.
     0 | D:1      | Reached XP level 1. HP: 11/11 MP: 3/3
   235 | D:1      | Reached XP level 2. HP: 17/17 MP: 5/5
   573 | D:1      | Reached XP level 3. HP: 18/21 MP: 6/6
   577 | D:1      | Learned a level 2 spell: Throw Frost
   581 | D:1      | Learned a level 3 spell: Ozocubu's Armour
  1024 | D:2      | Noticed Sigmund
  1062 | D:2      | Noticed Robin
  1081 | D:1      | Reached XP level 4. HP: 25/27 MP: 1/8
  1154 | D:1      | Killed Robin
  1154 | D:1      | Reached skill level 3 in Stealth
  1154 | D:1      | Reached skill level 3 in Spellcasting
  1772 | D:2      | Reached skill level 2 in Conjurations
  1772 | D:2      | Reached skill level 4 in Ice Magic
  1772 | D:2      | Reached XP level 5. HP: 30/31 MP: 0/9
  2396 | D:3      | Reached skill level 4 in Stealth
  2984 | D:3      | Found a hazy altar of Hepliaklqana.
  2984 | D:3      | Found a glowing silver altar of Zin.
  3194 | D:3      | Reached XP level 6. HP: 29/36 MP: 2/11
  3773 | D:3      | Found a runed translucent door.
  3774 | D:3      | Noticed Crazy Yiuf
  4054 | D:4      | Reached skill level 3 in Conjurations
  4231 | D:4      | Reached skill level 5 in Stealth
  4378 | D:4      | Learned a level 4 spell: Throw Icicle
  4406 | D:4      | Reached skill level 4 in Spellcasting
  4407 | D:4      | Reached XP level 7. HP: 38/41 MP: 5/13
  4597 | D:4      | Noticed Pikel
  4609 | D:4      | Killed Pikel
  4609 | D:4      | Reached skill level 6 in Stealth
  4609 | D:4      | Reached skill level 4 in Conjurations
  4609 | D:4      | Reached skill level 5 in Ice Magic
  4609 | D:4      | Reached XP level 8. HP: 36/46 MP: 6/15
  5035 | D:5      | Entered Level 5 of the Dungeon
  5301 | D:5      | Reached skill level 5 in Spellcasting
  5566 | D:5      | Reached skill level 7 in Stealth
  5785 | D:5      | Reached skill level 6 in Ice Magic
  5858 | D:5      | Noticed Menkaure
  5862 | D:5      | Killed Menkaure
  5862 | D:5      | Reached skill level 5 in Conjurations
  6485 | D:6      | Reached skill level 1 in Shields
  6635 | D:6      | Found a staircase to the Ecumenical Temple.
  6676 | Temple   | Entered the Ecumenical Temple
  6708 | Temple   | Became a worshipper of Vehumet
  6789 | D:6      | Reached XP level 9. HP: 51/51 MP: 6/17
  6803 | D:6      | HP: 12/51 [black bear (7)]
  6804 | D:6      | Reached skill level 2 in Shields
  6817 | D:6      | HP: 8/51 [black bear (3)]
  6819 | D:6      | HP: 3/51 [black bear (6)]
  7135 | D:6      | Found a bloodstained altar of Trog.
  7288 | D:6      | Reached skill level 6 in Spellcasting
  7399 | D:6      | Reached skill level 7 in Ice Magic
  7403 | D:6      | Reached skill level 6 in Conjurations
  7585 | D:6      | Found a glowing golden altar of the Shining One.
  7952 | D:7      | Reached skill level 3 in Shields
  8597 | D:7      | Learned a level 4 spell: Summon Ice Beast
  8606 | D:7      | Reached * piety under Vehumet
  8606 | D:7      | Offered knowledge of Flame Tongue by Vehumet.
  9298 | D:7      | Reached skill level 4 in Shields
  9596 | D:8      | Reached XP level 10. HP: 34/56 MP: 15/20
  9605 | D:8      | HP: 14/56 [orc priest/divine providence (12)]
  9862 | D:8      | Reached skill level 7 in Conjurations
  9865 | D:8      | Reached skill level 7 in Spellcasting
  9979 | D:7      | Reached skill level 8 in Ice Magic
 10127 | D:7      | HP: 11/56 [hippogriff (12)]
 10757 | D:8      | HP: 13/56 [kobold/+0 short sword (3)]
 10759 | D:8      | Slain by a crocodile

Skill      XL: |  1  2  3  4  5  6  7  8  9 10 |
---------------+-------------------------------+-----
Stealth        | 3 4 5 6 7 |  7.0
Spellcasting   | 3 4 5 6 7 |  7.3
Conjurations   | 2 3 4 5 6 7 |  7.4
Ice Magic      | 4 5 6 7 8 |  8.3
Shields        | 1 4 |  4.0
Dodging        | |  2.0

Action                   |  1- 3 |  4- 6 |  7- 9 | 10-12 || total
-------------------------+-------+-------+-------+-------++-------
Melee: Dagger            |    16 |    38 |   138 |    21 ||   213
       Constrict         |     2 |    10 |    17 |     4 ||    33
       Tentacles         |       |     6 |    20 |     6 ||    32
 Cast: Freeze            |     9 |    48 |    81 |    11 ||   149
       Throw Frost       |    16 |    59 |   100 |    11 ||   186
       Throw Icicle      |       |       |    12 |    16 ||    28
       Summon Ice Beast  |       |       |     2 |     1 ||     3
       Ozocubu's Armour  |       |       |     1 |     1 ||     2
  Use: Scroll            |       |       |    18 |     2 ||    20
       Potion            |       |       |     1 |       ||     1
 Stab: Sleeping          |     8 |     5 |     8 |     1 ||    22
       Distracted        |       |       |     2 |     1 ||     3
  Eat: Chunk             |     1 |    13 |    15 |     1 ||    30
       Ration            |       |       |     1 |     1 ||     2
Armor: Skin              |       |     1 |    41 |     5 ||    47
Dodge: Dodged            |     8 |    43 |   110 |    27 ||   188
Block: Buckler           |       |       |    25 |    11 ||    36

Levels and vault maps discovered:
D:1:      psy_arrival_radial01, layout_loops_ring
D:2:      layout_loops_ring, uniq_robin, uniq_sigmund
D:3:      layout_basic, gammafunk_temple_overflow_wave, first_ration,
          st_stairs_1, uniq_crazy_yiuf_cottage
D:4:      layout_basic, uniq_pikel
D:5:      layout_loops_cross, kennysheep_dice, uniq_menkaure
D:6:      layout_basic, tso_oasis_becter, trog_ov_bears_minmay,
          minmay_temple_entry_poolview, minmay_splitting_lines
D:7:      minmay_s_stair_smasher, layout_gridville
D:8:      layout_loops_corners, nicolae_overflow_hidden_temple,
          grunt_lair_entry_orc_guard_hut
Temple:   cyrus_temple_forest

Table legend:
 A = Turns spent in this place as a percentage of turns spent in the entire game.
 B = Non-inter-level travel turns spent in this place as a percentage of non-inter-level travel turns spent in the entire game.
 C = Inter-level travel turns spent in this place as a percentage of turns spent in this place.
 D = Turns resting spent in this place as a percentage of non-inter-level travel turns spent in this place.
 E = Turns spent auto-exploring this place as a percentage of non-inter-level travel turns spent in this place.
 F = Non-inter-level travel turns spent in this place divided by the number of levels of this place that you've seen.
                   A       B       C       D       E      F
               +-------+-------+-------+-------+-------+----------------------
         Total | 100.0 | 100.0 |   5.3 |  27.6 |  58.5 | 1131.6
       Dungeon |  99.4 |  99.7 |   5.1 |  27.7 |  58.5 | 1268.8
        Temple |   0.6 |   0.3 |  44.3 |   0.0 |  67.6 |  34.0
               +-------+-------+-------+-------+-------+----------------------

Table legend:
 A = Kills in this place as a percentage of kills in entire the game.
 B = Kills by you in this place as a percentage of kills by you in the entire game.
 C = Kills by friends in this place as a percentage of kills by friends in the entire game.
 D = Other kills in this place as a percentage of other kills in the entire game.
 E = Experience gained in this place as a percentage of experience gained in the entire game.
 F = Experience gained in this place divided by the number of levels of this place that you have seen.
                   A       B       C       D       E      F
               +-------+-------+-------+-------+-------+----------------------
         Total | 100.0 | 100.0 | 100.0 |   N/A | 100.0 | 652.0
       Dungeon | 100.0 | 100.0 | 100.0 |   N/A | 100.0 | 733.5
               +-------+-------+-------+-------+-------+----------------------
